[Event "*** SCC Grand Prix: Titled Tuesday Blitz"]
[Site "Chess.com"]
[Date "2020.06.02"]
[Round "2"]
[White "manmanlai1"]
[Black "DanielDardha2005"]
[Result "0-1"]
[WhiteElo "2353"]
[BlackElo "2650"]
[TimeControl "180+1"]
[EndTime "10:19:41 PDT"]
[Termination "DanielDardha2005 won by checkmate"]

1. e4 c5 2. Nf3 Nc6 3. Bb5 Nf6 4. d3 g6 5. Bxc6 dxc6 6. h3 Bg7 7. Nc3 O-O 8. Be3 b6 9. Qd2 Re8 10. Bh6 Bh8 11.
e5 Nd5 12. O-O f5 13. Ne2 Nc7 14. Nf4 Ne6 15. Nxe6 Bxe6 16. h4 Bd5 17. Qf4 Bxf3 18. gxf3 Qd4 19. Qxd4 cxd4 20. f4 Bg7 21. Bxg7 Kxg7 22.
Kg2 h5 23. Kf3 Kf7 24. Rg1 Rg8 25. Rg5 c5 26. a4 a6 27. b3 b5 28. Rgg1 c4 29. Ke2 Rac8 30. axb5 axb5 31. bxc4 bxc4 32. Kd2 Rc6 33. dxc4 Rxc4 34. Ra6 d3 35. cxd3 Rxf4 36. Ke3 Rxh4 37. d4 Re4+ 38. Kd3 Rd8 39. Raxg6 Rdxd4+ 40. Kc3 Rc4+ 41. Kd3 Rc7 42. e6+ Rxe6 43. Rxe6 Kxe6 44. Rg5 Rd7+ 45. Ke3 Rd5 46. f4 Ra5 47. Rxh5 Ra3+ 48.
Ke2 Kf6 49. Rh6+ Kf7 50. Rb6 e6 51. Rb8 Kg6 52. Rg8+ Kf6 53. Kf2 Ke7 54. Ke2 Kd6 55.
Rd8+ Kc5 56. Kf2 Ra4 57. Kf3 Ra3+ 58. Ke2 Rc3 59. Rd7 Kc6 60. Rd8 Rc5 61. Ke3 Rd5 62. Re8 Kd7 63. Rg8 Ra5 64. Rb8 Kc6 65. Rd8 Ra7 66. Re8 Ra3+ 67. Kd4 Kd6 68. Rd8+ Ke7 69. Rb8 Rf3 70. Ke5 Re3+ 71. Kd4 Re4+ 72. Kd3 Rxf4 73.
Rb7+ Kf6 74. Ke3 Re4+ 75. Kf3 Ra4 76. Rb8 Ra5 77. Ke2 Ke5 78. Re8 Ra6 79. Kf2 Kf4 80. Rf8 Ke4 81. Ke1 f4 82. Rb8 e5 83. Rb3 Kf5 84. Kf2 Ra2+ 85. Kf3 e4# 0-1

[Event "*** SCC Grand Prix: Titled Tuesday Blitz"]
[Site "Chess.com"]
[Date "2020.06.02"]
[Round "2"]
[White "MergenKakabaev"]
[Black "beto-betun"]
[Result "1-0"]
[WhiteElo "2399"]
[BlackElo "2142"]
[TimeControl "180+1"]
[EndTime "10:19:41 PDT"]
[Termination "MergenKakabaev won by resignation"]

1. e4 c5 2. Nf3 d6 3. d4 cxd4 4. Nxd4 Nf6 5. Nc3 a6 6. Bg5 e6 7. f4 Be7 8. Qf3 Qc7 9. O-O-O Nbd7 10. g4 b5 11. Bxf6 gxf6 12. f5 Ne5 13. Qg3 b4 14.
Nce2 Nc6 15. Nxc6 Qxc6 16. Nd4 Qc5 17. Bg2 e5 18. Nb3 Qc7 19. Kb1 a5 20. Rhe1 a4 21. Nc1 Ba6 22. Bf1 Bxf1 23. Rxf1 a3 24. b3 Rc8 25. c4 bxc3 26. Kc2 h5 27. gxh5 Rxh5 28.
h4 Kd7 29. Rf3 Qb7 30. Rd5 Rch8 31. Rxc3 Rxh4 32. Qd3 Rh2+ 33. Kb1 Rh1 34. Rb5 Qa8 35. Qc4 Rc8 36. Qxc8+ Qxc8 37. Rxc8 Kxc8 38. Kc2 Bd8 39. Ne2 Rh2 40. Kd3 Kd7 41. Nc3 Kc6 42. Rb8 Bb6 43. Ra8 Rh3+ 44. Kc4 Rh4 45. Rxa3 d5+ 46.
Kd3 Rh3+ 47. Kc2 d4 48. Nd5 Kb7 49. Nxb6 Kxb6 50. Ra8 Rh2+ 51. Kd3 Rh3+ 52. Kc4 Rc3+ 53. Kb4 Rc7 54. Rd8 Kc6 55. a4 Rd7 56. Rc8+ Kb7 57.
Rc1 d3 58. Kc3 d2 59. Rd1 Rc7+ 60. Kxd2 Rd7+ 61. Ke2 Rc7 62. Rd5 Rc3 63. Rd3 Rc2+ 64. Ke3 Rc1 65. b4 Re1+ 66. Kd2 Ra1 67. a5 Rb1 68. Rd7+ Kc6 69. Rxf7 Rxb4 70. Rxf6+ Kb5 71. Kd3 Kxa5 72. Re6 Rd4+ 73. Ke3 Rd8 74. Rxe5+ Kb6 75. f6 Rf8 76. Re6+ Kc7 77. e5 Kd7 78. Re7+ Kd8 79. Ke4 Rh8 80. Kf5 1-0

[Event "*** SCC Grand Prix: Titled Tuesday Blitz"]
[Site "Chess.com"]
[Date "2020.06.02"]
[Round "2"]
[White "El_ultimo_Pablo"]
[Black "ShieldingOff"]
[Result "1/2-1/2"]
[WhiteElo "2358"]
[BlackElo "2049"]
[TimeControl "180+1"]
[EndTime "10:19:43 PDT"]
[Termination "Game drawn by repetition"]

1. d4 c5 2. d5 e5 3. e4 d6 4. Nd2 a6 5. a4 Be7 6. g3 Bg5 7. Ngf3 Bxd2+ 8. Nxd2 Ne7 9. Bg2 Ng6 10.
Nc4 O-O 11. h4 f5 12. Bg5 Ne7 13. O-O f4 14. Re1 h6 15. Bxe7 Qxe7 16. Nb6 Ra7 17.
a5 Nd7 18. Nxc8 Rxc8 19. Bh3 Rf8 20. Be6+ Kh8 21. Qg4 Nf6 22. Qg6 Qe8 23. Qxe8 Nxe8 24. Kg2 Ra8 25. f3 fxg3 26. Kxg3 Nf6 27. Bg4 Rab8 28.
Re3 g6 29. Rb3 Nxg4 30. Kxg4 Rf4+ 31. Kg3 Rbf8 32. Re1 R8f7 33. Ree3 R4f6 34. Rb6 Rd7 35. Reb3 Rff7 36. Re3 Kg7 37. Rc3 Kf8 38. b4 cxb4 39.
Rc8+ Ke7 40. Rxb4 Kf6 41. c4 Rc7 42. Rh8 Kg7 43. Rb8 Kf6 44. Rd8 Rfd7 45. Rf8+ Rf7 46. Rd8 Rfd7 47. Rxd7 Rxd7 48. Rb6 Ke7 49. f4 exf4+ 50.
Kxf4 Rc7 51. Ke3 Rxc4 52. Rxb7+ Kf6 53. Rb6 Ke5 54. Rxa6 Rc3+ 55. Kd2 Ra3 56. Kc2 g5 57. hxg5 hxg5 58. Kd2 Kxe4 59. Ke1 Kxd5 60. Kf2 Ke5 61.
Ra8 d5 62. a6 Kd4 63. a7 Kd3 64. Kg3 d4 65. Kg4 Ra5 66. Kf3 Kd2 67. Ke4 d3 68. Kf3 Kd1 69. Ke3 d2 70. Kf2 g4 71. Kg2 Ra4 72.
Kh2 Ra3 73. Kg2 Ra2 74. Kh2 Ke1 75. Re8+ Kf2 76. Rf8+ Ke1 77. Re8+ Kf1 78. Rf8+ Ke1 79. Re8+ 1/2-1/2

[Event "*** SCC Grand Prix: Titled Tuesday Blitz"]
[Site "Chess.com"]
[Date "2020.06.02"]
[Round "2"]
[White "stoleriu"]
[Black "CalinGheorghiu"]
[Result "1/2-1/2"]
[WhiteElo "2534"]
[BlackElo "2298"]
[TimeControl "180+1"]
[EndTime "10:19:44 PDT"]
[Termination "Game drawn by stalemate"]

1. e4 e5 2. Nf3 Nc6 3. Bb5 a6 4. Ba4 Nf6 5. d3 d6 6. c3 Be7 7.
O-O O-O 8. Re1 b5 9. Bb3 Na5 10. Bc2 c5 11. Nbd2 Qc7 12. Nf1 Re8 13. h3 Nc6 14.
Bg5 Be6 15. Ne3 Rad8 16. Nh2 g6 17. Qf3 Nh5 18. Bxe7 Qxe7 19. a4 b4 20. Nhg4 Qg5 21.
a5 Nf4 22. Ba4 Bd7 23. Nd5 Re6 24. Bb3 h5 25. Nxf4 hxg4 26. Nxe6 Bxe6 27. Qd1 gxh3 28. g3 Bxb3 29. Qxb3 Kg7 30. Kh2 Rh8 31. Qd1 Qf6 32. Qe2 Nd8 33. Rf1 Ne6 34. Qe3 Rb8 35. Rac1 bxc3 36. bxc3 Ng5 37. f4 Rb2+ 38. Rf2 Rxf2+ 39. Qxf2 exf4 40. Qxf4 Qe7 41. Rf1 Ne6 42.
Qh4 Qc7 43. Qxh3 Qxa5 44. c4 Qd2+ 45. Qg2 Qxd3 46. Qf2 Ng5 47. Qf6+ Kh6 48. Rf2 Qxe4 49.
Qh8+ Nh7 50. Qd8 Qxc4 51. Qxd6 Qd4 52. Qxd4 cxd4 53. Rxf7 Ng5 54. Ra7 d3 55. Rxa6 d2 56. Rd6 Ne4 57. Rd4 Kg5 58. Kg2 Kf5 59. Kf3 Ng5+ 60.
Ke3 Nh3 61. Rxd2 Kg4 62. Rd6 g5 63. Rd3 Kxg3 64. Ke4+ Kg4 65. Re3 Nf2+ 66. Ke5 Nh3 67. Re4+ Nf4 68. Kf6 Kh4 69. Re5 g4 70. Kf5 Nh3 71. Re4 Nf2 72. Rf4 Kg3 73. Rb4 Kh3 74. Rb3+ g3 75. Kf4 Nh1 76. Rb8 Kg2 77. Rb2+ Kg1 78.
Rb3 g2 79. Kf3 Kh2 80. Rb2 Nf2 81. Rxf2 Kh1 82. Rxg2 1/2-1/2

[Event "*** SCC Grand Prix: Titled Tuesday Blitz"]
[Site "Chess.com"]
[Date "2020.06.02"]
[Round "2"]
[White "A-Fier"]
[Black "umngqusho"]
[Result "1-0"]
[WhiteElo "2738"]
[BlackElo "2500"]
[TimeControl "180+1"]
[EndTime "10:19:46 PDT"]
[Termination "A-Fier won on time"]

1. d4 Nf6 2. c4 g6 3. Nc3 Bg7 4. g3 O-O 5. Bg2 d6 6. Nf3 Nbd7 7. O-O e5 8. e4 c6 9. h3 Qb6 10. c5 dxc5 11. dxe5 Ne8 12. e6 fxe6 13. Ng5 Nc7 14. f4 Bd4+ 15. Kh2 Nf6 16. e5 Nfd5 17. Nce4 Ne8 18. h4 Qc7 19. h5 Qg7 20. Bf3 h6 21.
Nh3 Kh8 22. hxg6 Qxg6 23. Qe2 b6 24. Bh5 Qg7 25. g4 a5 26. Qg2 Ne3 27. Bxe3 Bxe3 28. Rf3 Bd4 29. g5 Ba6 30. Bxe8 Raxe8 31. Nf6 Rd8 32. Rh1 Bc4 33. Kg3 Rxf6 34. exf6 Bxf6 35. Nf2 Kg8 36. Rxh6 Bxb2 37. Ng4 Bd5 38. Qd2 Bd4 39. Rd3 Rf8 40. Qh2 Be4 41. Rb3 b5 42. Qh5 e5 43.
Kh2 exf4 44. Rh3 f3 45. Re6 f2 46. Nxf2 Rxf2+ 47. Kg3 Rf3+ 48. Kg4 Rxh3 49. Re8+ Qf8 50.
Rxf8+ Kxf8 51. Qxh3 Bd5 52. Qh6+ Bg7 53. Qd6+ Kg8 54.
Qxc5 Kf7 55. Qa7+ Kg6 56. Qxa5 Be6+ 57. Kh4 Bd5 58. Qd2 Be5 59. Qd3+ Kg7 60. a3 Bd6 61. Qd4+ Kg8 62. g6 Be7+ 63. Kh5 Bf3+ 64. Kh6 Bf8+ 65. Kg5 Be7+ 66. Kf5 Bd5 67. Qe5 Bf8 68. Qc7 Bg7 69.
Qc8+ Bf8 70. Qe8 Bc4 71. Kf6 Be6 72. Qxe6+ 1-0

[Event "*** SCC Grand Prix: Titled Tuesday Blitz"]
[Site "Chess.com"]
[Date "2020.06.02"]
[Round "2"]
[White "sopo-tereladze"]
[Black "theredking89"]
[Result "0-1"]
[WhiteElo "2350"]
[BlackElo "2636"]
[TimeControl "180+1"]
[EndTime "10:19:56 PDT"]
[Termination "theredking89 won on time"]

1. e4 c5 2. Nf3 d6 3. d4 cxd4 4. Qxd4 a6 5. Be3 Nc6 6. Qd2 Nf6 7. Nc3 e6 8. h3 Be7 9. Be2 O-O 10. O-O b5 11. a3 Qc7 12. Rfe1 Bb7 13. Bd3 Na5 14. Rad1 Nc4 15. Bxc4 Qxc4 16. e5 Nd5 17. Nxd5 Bxd5 18. exd6 Bxd6 19. Nd4 Rac8 20. c3 Bb8 21. Nf5 Rfe8 22. Ng3 Qc6 23. f4 a5 24. Bd4 Qc7 25. Rf1 Ba7 26. Qe3 Bxd4 27. Rxd4 Rb8 28. Ne4 b4 29. axb4 axb4 30. Re1 bxc3 31. Nxc3 Ba8 32. Qf2 Qb6 33. Rd2 Qb7 34. Ne4 Qc7 35. Ng5 h6 36. Ne4 Rbd8 37. Rxd8 Rxd8 38. Qg3 Qe7 39. Qc3 Qa7+ 40.
Kh1 Bxe4 41. Rxe4 Qb7 42. Re1 Rb8 43. Re2 Qd5 44. Rd2 Qe4 45. Qf3 Qxf3 46. gxf3 Rb4 47. Rd3 Rxb2 48. Re3 Kh7 49. Kg1 Rb4 50. Kg2 Rxf4 51.
Ra3 Rf5 52. Ra7 h5 53. Kg3 Kg6 54. h4 Re5 55. Rb7 Rd5 56. Rb8 Rf5 57. Rb7 Ra5 58.
Rb8 Kf6 59. Rb7 g6 60. Rb8 Rf5 61. Rb7 Rd5 62. Rb8 Rd7 63. Rb6 Ke7 64. Rb4 e5 65. Ra4 Rd6 66. Ra7+ Ke6 67. Rb7 Kf6 68. Ra7 Re6 69.
Rb7 e4 70. fxe4 Rxe4 71. Rb6+ Kg7 72. Rb3 Rg4+ 73. Kh3 Rf4 74. Rc3 Rf5 75. Rb3 Kf6 76. Rd3 Re5 77. Rf3+ Ke6 78. Rc3 Kf6 79. Rf3+ Kg7 80.
Ra3 Re7 81. Ra4 f6 82. Ra3 Re4 83. Ra7+ Kh6 84. Ra6 Rf4 85. Kg3 Rg4+ 86. Kh3 f5 87. Rb6 f4 88. Rb7 Rg3+ 89. Kh2 Re3 90. Rf7 Rf3 91. Kg2 Rg3+ 92. Kh2 Rg4 93. Kh3 g5 0-1

[Event "*** SCC Grand Prix: Titled Tuesday Blitz"]
[Site "Chess.com"]
[Date "2020.06.02"]
[Round "2"]
[White "Shushik"]
[Black "eightbyeightchess"]
[Result "1/2-1/2"]
[WhiteElo "2164"]
[BlackElo "2396"]
[TimeControl "180+1"]
[EndTime "10:20:03 PDT"]
[Termination "Game drawn - insufficient material"]

1. e4 e6 2. d4 d5 3. Nd2 Nf6 4. e5 Nfd7 5. Bd3 c5 6. c3 Nc6 7. Ngf3 cxd4 8. cxd4 g6 9. O-O Bg7 10. a3 O-O 11. b4 a6 12. Nb3 f6 13. exf6 Qxf6 14. Bb2 g5 15. Qc2 h5 16. Bc1 Bh6 17.
Be3 e5 18. dxe5 Ndxe5 19. Nxe5 Nxe5 20. Bd4 Bf5 21. Bxf5 Qxf5 22. Qc3 Rae8 23. Rae1 Nc6 24. Bc5 Rxe1 25. Rxe1 Bg7 26. Qd2 Rf7 27. Kh1 Kh7 28. a4 d4 29. b5 axb5 30. axb5 Ne5 31. Nxd4 Qg6 32. Ne2 Ng4 33. Ng3 h4 34. Ne4 Bh6 35. h3 Nf6 36. Nxf6+ Qxf6 37. Bd4 Qf5 38. Re5 Qb1+ 39.
Qe1 Qg6 40. Qe4 Qxe4 41. Rxe4 Rd7 42. Kg1 Kg6 43. Kf1 Rd5 44. Ke2 Rxb5 45. Re6+ Kh7 46. Re7+ Kg8 47. Re8+ Kf7 48. Rh8 Bf8 49. Rh7+ Ke6 50.
Rh8 Be7 51. Rh6+ Kf5 52. Rh7 Bd6 53. Rf7+ Ke4 54. Ba1 Rb1 55. Bc3 Rc1 56. Bd2 Rc7 57. Rxc7 Bxc7 58. Bxg5 b5 59. Bxh4 Be5 60. Be7 Kf5 61.
Bb4 Ke4 62. f3+ Kf4 63. Kf2 Bd4+ 64. Kf1 Kg3 65. Be1+ Kf4 66. Bd2+ Kg3 67. Bb4 Bb6 68. Bd6+ Kh4 69. Ke2 Kg5 70. g3 Bd4 71. Bb4 Kf5 72. h4 Be5 73. h5 Bxg3 74. h6 Kg6 75. Bd2 Bd6 76. f4 Kxh6 77. f5+ Kg7 78. Kd3 Kf6 79. Kd4 Kxf5 80. Kd5 Bf4 81. Kc5 Bxd2 82. Kxb5 1/2-1/2

[Event "*** SCC Grand Prix: Titled Tuesday Blitz"]
[Site "Chess.com"]
[Date "2020.06.02"]
[Round "2"]
[White "Logman74"]
[Black "QueenOfTactics90"]
[Result "1-0"]
[WhiteElo "2355"]
[BlackElo "1964"]
[TimeControl "180+1"]
[EndTime "10:20:11 PDT"]
[Termination "Logman74 won by resignation"]

1. e4 c5 2. Nf3 Nc6 3. d4 cxd4 4. Nxd4 g6 5. c4 Bg7 6. Be3 Nf6 7. Nc3 O-O 8. Be2 d6 9. O-O Nxd4 10. Bxd4 Bd7 11.
Rc1 Bc6 12. f3 Nd7 13. Bxg7 Kxg7 14. Qd4+ f6 15. Kh1 Qb6 16. Qd2 a5 17. b3 Rad8 18. f4 e5 19. f5 Nc5 20. fxg6 Nxe4 21. Nxe4 Bxe4 22. gxh7 Bxh7 23. Bf3 e4 24. Bg4 f5 25.
Qc3+ Kg8 26. Be2 Rd7 27. Rcd1 Rg7 28. Rd5 f4 29. Qxa5 Qe3 30. Qd2 Qxd2 31. Rxd2 Rf6 32.
c5 dxc5 33. Rd8+ Kf7 34. Rfd1 Kg6 35. R8d6 Rf7 36. Kg1 Kg5 37. R1d5+ Rf5 38. Kf2 Bg6 39. Rxf5+ Bxf5 40. Rd5 b6 41. Rd6 e3+ 42. Ke1 Rh7 43. h3 Be4 44. Kf1 Rh6 45. Rd8 Kf5 46. Rf8+ Ke5 47.
Re8+ Kd4 48. Rf8 Ke5 49. Rd8 Rd6 50. Rxd6 Kxd6 51. h4 Ke5 52. h5 Kf6 53. Ke1 Kg5 54.
Kf1 Bd5 55. Bd1 Bf7 56. Bf3 Bxh5 57. Bd5 Bg6 58. Ke1 Bf5 59. a4 Kg4 60. Kf1 Kg3 61.
Bc4 Bg4 62. Bd5 e2+ 63. Ke1 f3 64. gxf3 Bxf3 65. Bf7 Kf4 66. Kf2 Bg4 67. Bc4 Bh5 68.
Bxe2 Bxe2 69. Kxe2 Ke4 70. Kd2 Kd4 71. Kc2 Kd5 72.
Kd3 Kc6 73. Kc4 Kb7 74. Kb5 Ka7 75. a5 bxa5 76. Kxa5 Kb7 77. Kb5 Kb8 78. Kxc5 Kc7 79. Kb5 Kb7 80. b4 Kc8 81. Ka6 Kc7 82. b5 Kb8 83.
Kb6 Kc8 84. Ka7 Kd7 85. b6 Kd6 86. b7 Kd5 87. b8=Q Kc4 88. Qb6 1-0

[Event "*** SCC Grand Prix: Titled Tuesday Blitz"]
[Site "Chess.com"]
[Date "2020.06.02"]
[Round "2"]
[White "AsselLesbekova"]
[Black "Rish_97"]
[Result "0-1"]
[WhiteElo "2292"]
[BlackElo "2638"]
[TimeControl "180+1"]
[EndTime "10:20:15 PDT"]
[Termination "Rish_97 won by resignation"]

1. e4 e5 2. Nf3 Nf6 3. Nxe5 d6 4. Nf3 Nxe4 5. Nc3 Nf6 6. d4 g6 7. Bc4 Bg7 8. Bg5 O-O 9. O-O a6 10. a4 h6 11. Bf4 Nc6 12. Qd2 Bg4 13. Be2 g5 14.
Be3 Re8 15. h3 Bh5 16. Rfe1 Bg6 17. Rad1 Nb4 18. Rc1 Qd7 19. b3 Nbd5 20. Nxd5 Nxd5 21. Bd3 Bf5 22. c4 Nf6 23. Qc2 Bxd3 24. Qxd3 Re7 25. Bd2 Rae8 26. Rxe7 Rxe7 27. Re1 Qe8 28.
Rxe7 Qxe7 29. Qe3 Ne4 30. Bc1 Qe6 31. Nd2 Nxd2 32. Bxd2 c6 33. Kf1 d5 34. Qxe6 fxe6 35. Ke2 Bxd4 36. f3 Kf7 37. Kd3 Bf6 38. h4 gxh4 39.
Bxh6 Kg6 40. Be3 Kf5 41. Ke2 Bg5 42. Bc5 e5 43. Kd3 b5 44. axb5 axb5 45. cxb5 cxb5 46. Bf2 Be7 47. Bg1 Kf4 48. Bh2+ Kf5 49. Bg1 Bd6 50.
Bb6 e4+ 51. fxe4+ dxe4+ 52. Ke2 Kg4 53. Bf2 Bg3 54. Bd4 Kf5 55. Be3 Bf4 56. Bd4 Kg4 57. Kf2 e3+ 58. Ke2 Kg3 59. Bf6 Bh6 60. Bd8 Bf4 61. Be7 Kg4 62. Bd8 Bg5 63. Bc7 Bf4 64.
Bd8 Bh6 65. Be7 Kh5 66. Kf3 Bg5 67. Bxg5 Kxg5 68. Kxe3 Kg4 69. Kf2 Kf4 70. Ke2 Kg3 71. Kf1 b4 72. Kg1 Kg4 73. Kf1 Kg3 74. Kg1 Kg4 75.
Kf2 Kf4 76. Ke2 Ke4 77. Kd2 Kd4 78. Kc2 Ke3 79. Kd1 Kf2 80. Kd2 Kxg2 81. Kd3 h3 82.
Kc4 h2 83. Kxb4 h1=Q 84. Ka5 0-1

[Event "*** SCC Grand Prix: Titled Tuesday Blitz"]
[Site "Chess.com"]
[Date "2020.06.02"]
[Round "2"]
[White "14Sokol88"]
[Black "BogdanBelyakov89"]
[Result "1/2-1/2"]
[WhiteElo "2419"]
[BlackElo "2653"]
[TimeControl "180+1"]
[EndTime "10:20:30 PDT"]
[Termination "Game drawn by repetition"]

1. e4 e5 2. Nf3 Nc6 3. Nc3 Nf6 4. d4 exd4 5. Nxd4 Bb4 6. Nxc6 bxc6 7. Bd3 d5 8. exd5 cxd5 9. O-O O-O 10. Bg5 c6 11. Qf3 h6 12. Bxf6 Qxf6 13. Qxf6 gxf6 14. Ne2 Bd6 15. Ng3 Be6 16. Nf5 Bxf5 17. Bxf5 Be5 18. Rab1 Rab8 19. b3 c5 20. Rfe1 Rfd8 21. Kf1 a5 22. g3 Kf8 23. Re3 Rb4 24. Rd1 a4 25. Red3 axb3 26. axb3 d4 27. Ra1 Rbb8 28. Be4 Re8 29.
Bc6 Re6 30. Bd5 Re7 31. Bc4 Kg7 32. Ra6 Rbb7 33. f4 Bb8 34. Rd1 Ra7 35. Rda1 Rxa6 36.
Rxa6 Ba7 37. Rc6 Kg6 38. Kg2 Rb7 39. Kf3 Re7 40. Bd3+ Kg7 41. Kg4 Re6 42. Rc7 Bb6 43. Rb7 Ba5 44. Bc4 f5+ 45. Kxf5 Rf6+ 46. Ke4 Bc3 47.
g4 Bb4 48. h4 Bd2 49. f5 Kf8 50. Rc7 Kg7 51. Rxc5 Be1 52. g5 Rb6 53. f6+ Kg6 54. Rc7 hxg5 55. hxg5 Kxg5 56. Rxf7 Bc3 57. Kd3 Rxf6 58.
Rxf6 Kxf6 59. Bb5 Ke5 60. Kc4 Kd6 61. Be8 Kc7 62. Bh5 Kb6 63. Be2 Kc7 64. Bd3 Kb6 65. b4 Kb7 66. Kc5 Kc7 67. b5 Kb8 68. Kc6 Ba5 69.
b6 Bc3 70. Be4 Ba5 71. Kc5 Bc3 72. Kc4 Ba5 73. b7 Bc3 74. Kd3 Kc7 75. Bf3 Kb8 76. Kc4 Kc7 77. Kd3 Kb8 78. Bh1 Kc7 79. Kc4 Kb8 80. Kb5 Kc7 81. Ka6 Kb8 82. Kb6 Bb2 83.
Kb5 Bc3 84. Kc4 Kc7 85. Kd3 Kb8 86. Bg2 Kc7 87. Kc4 Kb8 88. Kc5 Kc7 89. Be4 Kb8 90. Kc6 Bb2 91. Kd7 Bc3 92. Kc6 Bb2 93. Bd3 Bc3 94. Kb6 Bb2 95. Ka6 Bc3 96. Be4 Bb2 97. Kb5 Bc3 98. Kc4 Kc7 99. Kd3 Kb8 100. Bd5 Kc7 101. Ke4 Kb8 102. Kd3 Kc7 103. Be4 Kb8 104. Bd5 1/2-1/2

[Event "*** SCC Grand Prix: Titled Tuesday Blitz"]
[Site "Chess.com"]
[Date "2020.06.02"]
[Round "2"]
[White "FairChess_on_YouTube"]
[Black "Mr_Sinigami"]
[Result "1/2-1/2"]
[WhiteElo "3005"]
[BlackElo "2595"]
[TimeControl "180+1"]
[EndTime "10:20:33 PDT"]
[Termination "Game drawn by repetition"]

1. Nf3 Nf6 2. g3 d5 3. Bg2 Bf5 4. c4 c6 5. cxd5 cxd5 6. Qb3 Qc8 7. Nc3 e6 8. Nd4 Bg6 9. d3 Nc6 10. Be3 Be7 11. Rc1 O-O 12. O-O Qd7 13. Na4 Nxd4 14. Bxd4 b6 15. Nc3 Rfc8 16. h3 h6 17. Rfd1 Bc5 18. Bxf6 gxf6 19. e4 dxe4 20. dxe4 Qe7 21.
Ne2 Rd8 22. Nf4 Kg7 23. e5 Rxd1+ 24. Rxd1 Rd8 25. Nxg6 Kxg6 26. Be4+ Kg7 27. Rxd8 Qxd8 28. exf6+ Qxf6 29. Qc2 Qd4 30. Kg2 Qe5 31. Bf3 Qd4 32. a3 a5 33. h4 Qe5 34. Bc6 Qd4 35. Bb7 Qd7 36. Be4 Qd4 37. Ba8 Qd8 38. Bf3 Qd4 39. Qe2 Qf6 40. Bc6 Qd4 41. Bb7 Kf8 42. Bc6 Kg7 43. a4 Kf8 44. b3 Kg7 45. Qf3 Kf8 46. Bb7 Kg7 47. Be4 Kf8 48. Bc6 Kg7 49. Bb7 Kf8 50.
Ba6 Kg7 51. Bc4 Kg8 52. Qe2 Kg7 53. Qc2 Qf6 54. Bd3 Qd4 55. Be4 Qf6 56. Bf3 Qd4 57. Qe2 Qf6 58. Bh5 Qd4 59. Qf3 Qf6 60. Qg4+ Kf8 61.
Qe2 Qd4 62. Bg4 Kg7 63. Bf3 Qf6 64. Bb7 Qd4 65. Ba6 Qf6 66. Bc4 Qd4 67. Qf3 Qf6 68. Qg4+ Kf8 69. Qe2 Kg7 70. Qd2 Qd4 71. Qc2 Kf8 72.
Bd3 Kg7 73. Be4 Qf6 74. Bf3 Qd4 75. Bh5 Qf6 76. Qe2 Qd4 77. Qf3 Qf6 78. Qg4+ Kf8 79. Qe2 Qd4 80. Bf3 Kg7 81. Bc6 Qf6 82. h5 Kf8 83.
Bb5 Qd4 84. Bc4 Kg7 85. Qf3 Qf6 86. Qg4+ Kf8 87. Qe2 Qd4 88. Qf3 Kg7 89. Bd3 Qf6 90. Qg4+ Kf8 91. Qe2 Qd4 92. Be4 Kg7 93. Bf3 Qf6 94.
Qc2 Qd4 95. Qe2 Qf6 96. Qf1 Qd4 97. Qg1 Kf8 98. Qe1 Kg7 99. Qe2 1/2-1/2

[Event "*** SCC Grand Prix: Titled Tuesday Blitz"]
[Site "Chess.com"]
[Date "2020.06.02"]
[Round "2"]
[White "superchess02"]
[Black "ShahMatKanal"]
[Result "1-0"]
[WhiteElo "2713"]
[BlackElo "2467"]
[TimeControl "180+1"]
[EndTime "10:20:45 PDT"]
[Termination "superchess02 won by checkmate"]

1. e4 c6 2. d4 d5 3. exd5 cxd5 4.
c4 e6 5. Nf3 Nf6 6. Nc3 dxc4 7.
Bxc4 Be7 8. O-O O-O 9. Qe2 a6 10. a4 Nc6 11. Rd1 Nb4 12. Ne5 Bd7 13. Bg5 Nfd5 14.
Bxd5 Bxg5 15. Bxb7 Rb8 16. Be4 Bf6 17. Rac1 Be8 18. g3 g6 19. h4 Qa5 20. Nc4 Qd8 21. d5 Bxc3 22. dxe6 Bd4 23. Rxd4 Qxd4 24. e7 Bxa4 25.
exf8=Q+ Kxf8 26. Qf3 Kg7 27. Ne3 Qf6 28. Qxf6+ Kxf6 29. Rc4 Bb3 30. Rd4 Be6 31. Bf3 Ke7 32. h5 a5 33. Rd1 Na6 34. Ra1 Rxb2 35. Rxa5 Rb6 36. Nc2 Nc7 37. Nd4 Ra6 38. Rc5 Ra1+ 39. Kg2 Ne8 40.
Rb5 Kf8 41. Nxe6+ fxe6 42. Rb7 Rc1 43. Rxh7 gxh5 44. Rxh5 Rc7 45. Rh8+ Ke7 46. Bh5 Nf6 47. Bf3 Rd7 48. g4 Rd8 49. Rh1 Rg8 50. Kg3 Nd7 51. Bg2 Ne5 52. f3 Nf7 53. Rh7 Kf6 54. f4 Rh8 55.
g5+ Ke7 56. Rg7 Kf8 57. Rg6 Rg8 58. Rxe6 Nxg5 59. fxg5 Rxg5+ 60. Kf2 Kf7 61. Re3 Rc5 62. Bf3 Kf6 63. Kg3 Rg5+ 64. Bg4 Re5 65. Ra3 Rd5 66. Bf3 Rc5 67. Be4 Rc4 68. Kf4 Ke6 69. Ra6+ Ke7 70. Ke5 Rc5+ 71. Bd5 Rc7 72. Rh6 Kd8 73.
Bc6 Rg7 74. Kd6 Rd7+ 75. Kc5 Rg7 76. Rh8+ Ke7 77. Bd5 Kf6 78. Rf8+ Kg6 79. Be4+ Kg5 80. Kd4 Rd7+ 81. Ke3 Re7 82. Rf5+ Kg4 83. Ra5 Kh4 84. Kf4 Rg7 85. Ra1 Rg3 86. Rh1+ Rh3 87. Rg1 Rh2 88.
Rg4+ Kh5 89. Rg7 Rf2+ 90. Bf3+ Kh6 91. Rg3 Rf1 92. Kf5 Ra1 93. Bd5 Ra6 94. Be6 Kh7 95.
Kf6 Ra5 96. Rh3+ Rh5 97. Rxh5# 1-0

[Event "*** SCC Grand Prix: Titled Tuesday Blitz"]
[Site "Chess.com"]
[Date "2020.06.02"]
[Round "2"]
[White "Reader777"]
[Black "yobdc"]
[Result "1/2-1/2"]
[WhiteElo "2600"]
[BlackElo "2143"]
[TimeControl "180+1"]
[EndTime "10:21:20 PDT"]
[Termination "Game drawn by repetition"]

1. d4 Nf6 2. c4 e6 3. g3 d5 4. Bg2 Bb4+ 5. Nd2 Be7 6. Ngf3 O-O 7.
O-O c6 8. b3 Nbd7 9. Bb2 b6 10.
Rc1 Bb7 11. Qc2 c5 12. cxd5 exd5 13. Rfd1 Rc8 14. Qb1 Qc7 15. Qa1 Rfe8 16. e3 Bf8 17. Re1 Qd8 18. dxc5 bxc5 19. Ne5 Nb6 20. Red1 Qe7 21.
Nd3 Ng4 22. Ba3 d4 23. e4 Qf6 24. h3 c4 25. Bxf8 cxd3 26. hxg4 Kxf8 27. e5 Qe7 28.
Bxb7 Qxb7 29. Qxd4 Rcd8 30. Qb4+ Kg8 31. Nc4 Qe4 32.
Qb5 Nxc4 33. Rxc4 Qe2 34. Rcc1 Rxe5 35. Qb4 h6 36. Rd2 Qe4 37. Qxe4 Rxe4 38. Rcd1 Red4 39. Kg2 g5 40. Kf3 R4d6 41. Ke3 Re6+ 42. Kf3 Rf6+ 43. Kg2 Rfd6 44. b4 Kg7 45. a3 Kg6 46. Re1 f5 47. gxf5+ Kxf5 48. Re3 g4 49. Kf1 h5 50. Ke1 Rd4 51.
Kf1 R8d6 52. Kg2 Rd7 53. Kg1 R7d5 54. Kg2 Kg5 55. Kf1 h4 56. gxh4+ Kxh4 57. Kg2 Kg5 58. Kg3 Kf5 59. Re8 a5 60. Rf8+ Ke6 61. Rf4 axb4 62. axb4 Rxf4 63. Kxf4 Rd4+ 64. Kg3 Rxb4 65. Rxd3 Kf5 66.
Rd5+ Kf6 67. Rd1 Kf5 68. Rh1 Rb3+ 69. Kg2 Kf4 70. Rh8 Rb2 71. Rf8+ Kg5 72. Rg8+ Kf4 73. Rf8+ Ke4 74. Kg3 Ke5 75. Kxg4 Ke6 76. f4 Ke7 77. Rf5 Rg2+ 78. Kh5 Rg1 79. Rg5 Rf1 80. Kg4 Kf6 81. Ra5 Rb1 82. Kf3 Rb6 83. Ke4 Kf7 84.
Rh5 Ra6 85. Rf5+ Ke7 86. Re5+ Kf7 87. Kf5 Rb6 88. Kg5 Rg6+ 89. Kf5 Ra6 90. Rb5 Rc6 91.
Rb7+ Kf8 92. Kg5 Ra6 93. f5 Rc6 94. Rb1 Kf7 95. Rh1 Ra6 96. Rh7+ Kf8 97. Rd7 Rb6 98. Rc7 Ra6 99. Rc5 Rb6 100. Re5 Ra6 101. Re4 Kf7 102. Rc4 Rb6 103. Rc7+ Kf8 104. Ra7 Ke8 105. Rh7 Kf8 106. Rc7 Ra6 107. f6 Ra1 108. Rc8+ Kf7 109. Rc7+ Kf8 110. Kf5 Rf1+ 111. Ke6 Re1+ 112. Kf5 Rf1+ 113. Kg6 Rg1+ 114. Kh6 Rh1+ 115. Kg5 Rg1+ 116. Kf4 Rf1+ 117. Ke5 Re1+ 118. Kd6 Rd1+ 119. Ke6 Re1+ 120. Kd5 Rd1+ 121. Ke5 Re1+ 122. Kf5 Rf1+ 1/2-1/2

[Event "*** SCC Grand Prix: Titled Tuesday Blitz"]
[Site "Chess.com"]
[Date "2020.06.02"]
[Round "3"]
[White "Gyapiking"]
[Black "Jadeit90"]
[Result "1-0"]
[WhiteElo "2520"]
[BlackElo "2289"]
[TimeControl "180+1"]
[EndTime "10:23:27 PDT"]
[Termination "Gyapiking won by resignation"]

1. d4 g6 2. e4 Bg7 3. Nc3 c5 4. dxc5 Qa5 5. Bd2 Qxc5 6. Nd5 Na6 7. Nf3 Nf6 8. Nxf6+ Bxf6 9. Bd3 Bxb2 10. Rb1 Bc3 11. h4 h5 12. Rb5 Bxd2+ 13. Qxd2 Qc7 14. O-O O-O 15. Qh6 Qc3 16. e5 1-0

[Event "*** SCC Grand Prix: Titled Tuesday Blitz"]
[Site "Chess.com"]
[Date "2020.06.02"]
[Round "3"]
[White "pedro_nascimento85"]
[Black "mortngabriel"]
[Result "0-1"]
[WhiteElo "1932"]
[BlackElo "2455"]
[TimeControl "180+1"]
[EndTime "10:23:34 PDT"]
[Termination "mortngabriel won by resignation"]

1. d4 Nf6 2. c4 c5 3. d5 b5 4. Qc2 bxc4 5. e4 d6 6. Nd2 g6 7. Nxc4 Bg7 8. Be2 O-O 9. Nf3 Bg4 10. O-O Nbd7 11. h3 Bxf3 12. Bxf3 Ne8 13. Bf4 Nc7 14. Rab1 Nb5 15. Be3 Nd4 16. Bxd4 Bxd4 17. Na5 Qxa5 0-1

[Event "*** SCC Grand Prix: Titled Tuesday Blitz"]
[Site "Chess.com"]
[Date "2020.06.02"]
[Round "3"]
[White "Lenyas66"]
[Black "warmoatmeal"]
[Result "1-0"]
[WhiteElo "2503"]
[BlackElo "2217"]
[TimeControl "180+1"]
[EndTime "10:23:44 PDT"]
[Termination "Lenyas66 won by resignation"]

1. e4 c5 2. Nf3 Nc6 3. Bb5 g6 4. O-O Bg7 5. Re1 e5 6. b4 cxb4 7. a3 Nge7 8. axb4 O-O 9. Bxc6 dxc6 10. Bb2 Be6 11. Qc1 Qd6 12. Ba3 b5 13. d3 Rad8 14. Nbd2 f5 15. Qb1 Nd5 16. exd5 Bxd5 17. Bb2 1-0

[Event "*** SCC Grand Prix: Titled Tuesday Blitz"]
[Site "Chess.com"]
[Date "2020.06.02"]
[Round "3"]
[White "Salem-AR"]
[Black "Jojo_1608"]
[Result "1-0"]
[WhiteElo "3033"]
[BlackElo "2166"]
[TimeControl "180+1"]
[EndTime "10:23:48 PDT"]
[Termination "Salem-AR won by resignation"]

1. Nf3 Nf6 2. c4 g6 3. Nc3 Bg7 4. e4 d6 5. d4 O-O 6. Be2 c5 7. O-O cxd4 8. Nxd4 Nc6 9. Be3 Nd7 10. Rc1 a6 11. a3 Nde5 12. b4 Nxd4 13. Bxd4 Be6 14.
f4 Nd7 15. Bxg7 Kxg7 16. f5 1-0